 Dungeon Crawl Stone Soup version 0.24.0-28-g17ded55e90 (webtiles) character file.

Game seed: 571700172388298995, levelgen mode: deterministic

230 Delamore the Cleaver (level 6, -1/51 HPs)
             Began as a Hill Orc Fighter on Nov 11, 2019.
             Splashed by Ijyb's acid (13 damage)
             ... on level 3 of the Dungeon.
             The game lasted 00:02:54 (1844 turns).

Delamore the Cleaver (Hill Orc Fighter)             Turns: 1844, Time: 00:02:56

Health: -1/51      AC:  0    Str: 21    XL:     6   Next: 3%
Magic:  6/6        EV:  8    Int:  8    God:
Gold:   89         SH:  9    Dex: 10    Spells: 5/5 levels left

rFire    . . .     SeeInvis .   a - +1 war axe
rCold    . . .     Gourm    .   c - +0 shield
rNeg     . . .     Faith    .   (no armour)
rPois    .         Spirit   .   (no helmet)
rElec    .         Reflect  .   e - +2 cloak
rCorr    .         Harm     .   (no gloves)
MR       .....                  (no boots)
Stlth    +.........             (no amulet)
HPRegen  0.17/turn              (no ring)
MPRegen  0.10/turn              (no ring)

@: corroded
A: no striking features
a: no special abilities


You were on level 3 of the Dungeon.
You were not hungry.

You visited 1 branch of the dungeon, and saw 3 of its levels.

You collected 89 gold pieces.

Inventory:

Hand Weapons
 a - a +1 war axe (weapon)
Armour
 b - a +1 scale mail
 c - a +0 shield (worn)
 e - a +2 cloak (worn)
 r - a +0 robe
Wands
 m - a wand of flame (7)
Scrolls
 p - a scroll of magic mapping
Potions
 d - a potion of might
 h - a potion of heal wounds {unknown}
 j - a potion of agility {unknown}
 k - a potion of lignification {unknown}
 l - a potion of resistance {unknown}
 q - a potion of curing {unknown}
Comestibles
 f - 4 rations


   Skills:
 - Level 3.6 Fighting
 + Level 8.0 Axes
 - Level 3.2 Armour
 - Level 3.2 Shields


You had 5 spell levels left.
You didn't know any spells.
Your spell library was empty.

Dungeon Overview and Level Annotations

Branches:
Dungeon (3/15)

Altars:
Xom

Annotations:
D:3 Ijyb


Message History

Press: ? - help, Shift-Dir - straight line, f - Ijyb
Aim: Ijyb, wielding a +0 dagger, wearing a +0 scale mail and carrying a wand of acid (11)
The puff of flame hits Ijyb.
Ijyb is lightly wounded.
Ijyb zaps a wand.
The bolt of acid hits the hobgoblin!
The hobgoblin is splashed with acid!
The hobgoblin dies!
The bolt of acid hits you!
You are splashed with acid!
You are too injured to fight recklessly!
Evoke which item? (* to show all) (? for menu, Esc to quit)
Aiming: Throw Flame
Press: ? - help, Shift-Dir - straight line, f/p - Ijyb
Aim: Ijyb, wielding a +0 dagger, wearing a +0 scale mail and carrying a wand of acid (10) (lightly wounded)
The puff of flame hits Ijyb.
Ijyb is moderately wounded.
The hobgoblin hits you with a cursed +0 club.
Ijyb zaps a wand.
The bolt of acid hits you!
* * * LOW HITPOINT WARNING * * *
The acid corrodes you!
You are splashed with acid!
You die...

**,** *,* *..*
*,* *#.#* *,#
*..* *.#
*#.#**.# *..##.#
*#..g.#
#####.)..#
#.....@.?#
#.....g..#
#........#
#####....#
###..# *#.# *.#
*.#
*,##############


You could see Ijyb and a hobgoblin.

Vanquished Creatures
  A centaur (D:2)
  5 adders (D:2)
  3 gnolls (D:2)
  2 worms (D:2)
  4 dart slugs
  2 leopard geckos (D:1)
  2 giant cockroaches
  5 goblins (D:2)
  6 hobgoblins
  16 jackals
  2 quokkas (D:2)
  4 bats
  3 frilled lizards (D:2)
  6 kobolds
  6 rats
67 creatures vanquished.

Vanquished Creatures (others)
  A hobgoblin (D:3)
1 creature vanquished.

Grand Total: 68 creatures vanquished

Notes
Turn   | Place    | Note
-------+----------+-------------------------------------------
     0 | D:1      | Delamore the Hill Orc Fighter began the quest for the Orb.
     0 | D:1      | Reached XP level 1. HP: 19/19 MP: 1/1
    42 | D:1      | Reached skill level 3 in Axes
    59 | D:1      | Reached XP level 2. HP: 20/26 MP: 2/2
   150 | D:1      | Reached skill level 4 in Axes
   529 | D:1      | Reached XP level 3. HP: 31/31 MP: 3/3
   906 | D:1      | Reached skill level 5 in Axes
  1219 | D:2      | Found a shimmering altar of Xom.
  1286 | D:2      | Reached XP level 4. HP: 39/39 MP: 4/4
  1355 | D:2      | Reached skill level 6 in Axes
  1457 | D:2      | Reached XP level 5. HP: 45/45 MP: 5/5
  1511 | D:2      | Reached skill level 7 in Axes
  1566 | D:2      | Noticed a centaur
  1575 | D:2      | Killed a centaur
  1575 | D:2      | Reached skill level 8 in Axes
  1575 | D:2      | Reached XP level 6. HP: 42/51 MP: 6/6
  1841 | D:3      | Noticed Ijyb
  1844 | D:3      | Splashed by Ijyb's acid

Levels and vault maps discovered:
D:1:      minmay_arrival_five_plusses, layout_basic
D:2:      layout_rooms, chequers_serial_rivers_room_a, grunt_ministairs_3,
          chequers_garden, xom_teletrap_fun
D:3:      layout_basic, old_standard_altar, uniq_robin, uniq_ijyb

Skill      XL: |  1  2  3  4  5 |
---------------+----------------+-----
Axes           | 3 4 5 6 8 |  8.0
Fighting       | |  3.6
Armour         | |  3.2
Shields        | |  3.2

Action                   |  1- 3 |  4- 6 || total
-------------------------+-------+-------++-------
Melee: War axe           |    99 |   103 ||   202
Evoke: Wand              |       |     2 ||     2
  Use: Scroll            |       |     5 ||     5
  Eat: Chunk             |     1 |     2 ||     3
Armor: Scale mail        |    85 |    61 ||   146
Dodge: Dodged            |    53 |    24 ||    77
Block: Shield            |    73 |    56 ||   129
